Map: 로스트 앤 파운드 - 래더

Players

PartinG

  • Race: Protoss Protoss
  • League: Master
  • Spawn Location: 1:00

Patience - Winner!

  • Race: Protoss Protoss
  • Spawn Location: 7:00

Event: HomeStory Cup XVII

VOD

Have the link to the VOD?

Description

Time

  • Played on: June 29, 2018, 11:55 a.m.
  • Length: 2:49

All games in this series

Show
View Real Time Build Order
Export as new Build Order

PartinG Protoss 

Build Orders: Cannon Rush 

Get SALT Encoding   

  1  0:00  Probe  
  12  0:05  Probe  
  14  0:15  Probe  
  15  0:23  Pylon  
  15  0:42  Forge  
  15  0:52  Pylon  
  15  0:56  Pylon  
  15  1:17  Photon Cannon  
  15  1:23  Photon Cannon  
  14  1:42  Probe  
  15  1:58  Photon Cannon  
  15  1:59  Photon Cannon  
  15  2:00  Photon Cannon  
  15  2:06  Photon Cannon  
  15  2:13  Pylon  
  15  2:26  Photon Cannon  
  15  2:38  Photon Cannon  
Show
View Real Time Build Order
Export as new Build Order

Patience Protoss - Winner!

Build Orders: Cannon Rush 

Get SALT Encoding   

  12  0:00  Probe  
  13  0:12  Probe  
  14  0:16  Pylon  
  14  0:22  Probe  
  15  0:30  Probe  
  16  0:37  Gateway  
  16  0:40  Probe  
  16  0:45  Assimilator  
  17  0:52  Probe  
  18  1:05  Forge  
  18  1:17  Zealot  
  18  1:21  Pylon  
  20  1:41  Photon Cannon  
  20  1:45  Photon Cannon  
  20  1:51  Photon Cannon  
  20  1:54  Photon Cannon  
  20  2:04  Photon Cannon  
  20  2:16  Pylon  
  18  2:31  Probe  
  18  2:42  Gateway  
Tags
 
Add a new tag
Caveats
  • Supply blocks, unpowered buildings, or Contaminate may cause inaccurate times.
  • Supply counts are checked every 10 seconds.